 Dungeon Crawl Stone Soup version 0.27-a0-1049-g450f9b2e0d (webtiles) character file.

Game seed: 2625738814236908960

81 kae the Insei (level 4, 0/38 HPs)
             Began as a Naga Transmuter on Apr 20, 2021.
             Killed by divine providence
             ... invoked by an orc priest
              (14 damage)
             ... on level 3 of the Dungeon.
             The game lasted 00:02:33 (2541 turns).

kae the Insei (Naga Transmuter)                     Turns: 2541, Time: 00:02:34

Health: 0/38       AC:  2    Str: 12    XL:     4   Next: 42%
Magic:  1/7        EV: 19    Int: 14    God:
Gold:   107        SH:  0    Dex: 17    Spells: 3/7 levels left

rFire    . . .     SeeInvis +     - Unarmed
rCold    . . .     Faith    .   (shield currently unavailable)
rNeg     . . .     Spirit   .   (armour currently unavailable)
rPois    x         Reflect  .   (helmet currently unavailable)
rElec    .         Harm     .   (cloak currently unavailable)
rCorr    .         Rampage  .   (gloves currently unavailable)
Will     .....                  (no barding)
Stlth    ++........             (no amulet)
HPRegen  0.12/turn              (no ring)
MPRegen  0.10/turn              (no ring)

@: spider-form (expiring), very slightly contaminated
A: venomous fangs, AC +1, tiny, see invisible, (deformed body), (poison
resistance), (slowness 2), spit poison 1, (naga tail 1)
a: Spit Poison, End Transformation


You were on level 3 of the Dungeon.
You were a venomous arachnid creature.
You visited 1 branch of the dungeon, and saw 3 of its levels.

You collected 107 gold pieces.

Inventory:

Armour
 a - a +0 robe (melded)
 f - a +0 cloak (melded)
Jewellery
 i - an amulet of reflection
Potions
 b - a potion of cancellation
 c - a potion of ambrosia
 e - 2 potions of attraction {unknown}
 g - a potion of flight {unknown}
 h - a potion of might {unknown}
 j - a potion of curing {unknown}


   Skills:
 + Level 1.4 Fighting
 + Level 2.0 Dodging
 * Level 3.5 Unarmed Combat
 + Level 2.3 Spellcasting
 * Level 2.8 Transmutations
 * Level 1.6 Poison Magic


You had 3 spell levels left.
You knew the following spells:

 Your Spells              Type           Power      Damage    Failure   Level
a - Beastly Appendage     Tmut           18%        N/A       19%         1
b - Spider Form           Tmut/Pois      3%         N/A       47%         3

Your spell library contained the following spells:

 Spells                   Type           Power      Damage    Failure   Level
 Wereblood                Tmut           9%         N/A       26%         2
 Summon Small Mammal      Summ           4%         N/A       45%         1
 Call Imp                 Summ           1%         N/A       56%         2
 Call Canine Familiar     Summ           1%         N/A       77%         3
 Summon Guardian Golem    Hex/Summ       1%         N/A       77%         3
 Ice Form                 Ice/Tmut       5%         N/A       90%         4
 Hydra Form               Tmut           4%         N/A       97%         5
 Summon Ice Beast         Ice/Summ       1%         N/A       98%         4
 Summon Lightning Spire   Summ/Air       1%         N/A       98%         4


Dungeon Overview and Level Annotations

Branches:
Dungeon (3/15)

Altars:


Innate Abilities, Weirdness & Mutations

You are a venomous arachnid creature.
You have poisonous fangs.
You are tiny and dextrous.
Your spellcasting is less reliable in this form.
Your armour is entirely melded.
You are incapable of wielding weapons or throwing items.
((Your serpentine skin is tough. (AC +1)))
You have supernaturally acute eyesight. (SInv)
((Armour fits poorly on your strangely shaped body.))
((Your system is resistant to poisons. (rPois)))
((You cover ground very slowly.))
You can spit poison.
((You have a snake-like lower body.))


Message History

The spell is quite dangerous to cast (30% risk of failure)!
Continue anyway?
Okay, then.
Casting: Spider Form (quite dangerous; 30% risk of failure)
Confirm with . or Enter, or press ? or * to list all spells.
The spell is quite dangerous to cast (30% risk of failure)!
Continue anyway? [Y]es or [N]o only, please.
The spell is quite dangerous to cast (30% risk of failure)!
Continue anyway?
You miscast Spider Form.
Nothing appears to happen.
Casting: Spider Form (quite dangerous; 30% risk of failure)
Confirm with . or Enter, or press ? or * to list all spells.
The spell is quite dangerous to cast (30% risk of failure)!
Continue anyway? [Y]es or [N]o only, please.
The spell is quite dangerous to cast (30% risk of failure)!
Continue anyway?
You turn into a venomous arachnid creature.
Your +0 cloak melds into your body.
Your +0 robe melds into your body.
The orc priest closely misses you.
You hit the orc priest.
The orc priest is poisoned.
The orc priest is heavily wounded.
You flicker for a moment.
The orc priest calls down the wrath of Beogh upon you.
Beogh smites you!
You hear a shout!
You bite the orc priest!
You kill the orc priest!
You have reached level 4!
You feel agile.
An orc priest is nearby!
Your transformation is almost over.
You flicker back into view.
An orc priest comes into view. It is wielding a +0 club.
The orc priest hits you with a +0 hand axe.
The orc priest shouts!
You hit the orc priest.
The orc priest is moderately wounded.
The orc priest closely misses you.
You hit the orc priest but do no damage.
The orc priest is poisoned.
The orc priest is moderately wounded.
The orc priest invokes the aid of Beogh against you.
Beogh smites you!
You die...

***,* #........####(# #.#.#
***,** #.............# #.#.#
,,,,,****####...########## #.#.#
***,,,,,.........# #.#.#
,,,,,,**#####....# #.#.#
****,,******##.#.# *,*,*
***,,,,,,,,* #.#.# *,*,*
,,,,,,****,* #.#.# *,*,, ***,,,*
#,* #.#s# *,*,* ***,,,*
##o**#.oo#########***,*,*
,,,,,,*##...##.#).........,,,,,,*
***,,**#.....o###.########***,,,*
***,,,*#..$.##.#.## *****
*,,,,,.....,>,..#* *
*,,,,,##.#***##.#********** *
*,,,***#,* #..,,,,,,,,,* * *,,,*
*,* *###*******,* *


You could see 2 orc priests and an orc.

Vanquished Creatures
  An orc priest (D:3)
  A worm (D:2)
  A dart slug (D:2)
  9 ball pythons
  6 bats
  2 endoplasms (D:1)
  2 giant cockroaches
  3 goblins
  4 hobgoblins
  6 kobolds
  3 quokkas
  6 frilled lizards
  5 rats
49 creatures vanquished.

Notes
Turn   | Place    | Note
-------+----------+-------------------------------------------
     0 | D:1      | kae the Naga Transmuter began the quest for the Orb.
     0 | D:1      | Reached XP level 1. HP: 18/18 MP: 3/3
   445 | D:1      | Reached XP level 2. HP: 25/25 MP: 5/5
   706 | D:1      | Found a faded altar of an unknown god.
   867 | D:1      | HP: 1/25 [kobold/+0 short sword (1)]
  1228 | D:1      | Reached XP level 3. HP: 29/31 MP: 4/6
  1232 | D:1      | Learned a level 3 spell: Spider Form
  2186 | D:2      | Reached skill level 1 in Poison Magic
  2534 | D:3      | Reached XP level 4. HP: 15/38 MP: 0/7
  2541 | D:3      | Killed from afar by an orc priest

Illustrated notes

Levels and vault maps discovered:
D:1:      lemuel_arrival_rhombus, layout_rooms, ebering_ecumenical_altar_rust,
          chequers_big_river, minmay_pentomino_r2
D:2:      layout_basic, minmay_split_cup_small
D:3:      layout_loops_ring, kennysheep_generic_room_2, uniq_jessica

Skill      XL: |  1  2  3 |
---------------+----------+-----
Dodging        | 2 |  2.0
Poison Magic   | 1 |  1.6
Fighting       | |  1.4
Unarmed Combat | |  3.5
Spellcasting   | |  2.3
Transmutations | |  2.8

Action                   |  1- 3 |  4- 6 || total
-------------------------+-------+-------++-------
Melee: Unarmed           |    98 |     2 ||   100
       Headbutt          |     5 |       ||     5
       Punch             |     1 |       ||     1
 Cast: Beastly Appendage |    25 |       ||    25
       Spider Form       |     1 |       ||     1
 Abil: Spit Poison       |    44 |       ||    44
  Use: Potion            |     3 |       ||     3
       Scroll            |     1 |       ||     1
Armor: Robe              |    28 |       ||    28
Dodge: Dodged            |    66 |     1 ||    67

Table legend: (Time is in decaauts)
 A = Elapsed time spent in this place.
 B = Non-inter-level travel time spent in this place.
 C = Inter-level travel time spent in this place.
 D = Time resting spent in this place.
 E = Time spent auto-exploring this place.
 F = Levels seen in this place.
 G = Mean time per level.
                   A        B        C        D        E       F      G
               +--------+--------+--------+--------+--------+-----+--------+
         Total |   3030 |   2963 |     67 |      2 |   2606 |   3 | 1010.0 |
       Dungeon |   3030 |   2963 |     67 |      2 |   2606 |   3 | 1010.0 |
               +--------+--------+--------+--------+--------+-----+--------+

Top non-repeatable levels by time:
     D:1: 1813 daAuts
     D:2: 1059 daAuts
     D:3: 157 daAuts
